 Dungeon Crawl Stone Soup version 0.25-a0-566-g062765be81 (webtiles) character file.

Game seed: 7734971299591590267, levelgen mode: deterministic

89873 RedPan the Fighter (level 15, -4/120 HPs)
             Began as a Gnoll Wanderer on Feb 27, 2020.
             Was the Champion of Cheibriados.
             Slain by a mana viper (13 damage)
             ... on level 1 of the Snake Pit on Feb 28, 2020.
             The game lasted 01:21:10 (29565 turns).

RedPan the Fighter (Gnoll Wanderer)                Turns: 29565, Time: 01:21:11

Health: -4/120     AC: 22    Str: 36    XL:     15   Next: 98%
Magic:  25/29      EV: 18    Int: 33    God:    Cheibriados [******]
Gold:   683        SH:  0    Dex: 28    Spells: 9/34 levels left

rFire    + . .     SeeInvis .   b - +8 frozen axe "Frostbite" {freezing cloud, *Noise +Fly rC+}
rCold    + + .     Gourm    .   (shield currently unavailable)
rNeg     + . .     Faith    .   d - +3 plate armour {MR+}
rPois    +         Spirit   .   u - +2 hat
rElec    .         Reflect  .   U - scarf {rC+ rF+}
rCorr    .         Harm     .   o - +0 pair of gloves
MR       +++..                  k - +0 pair of boots
Stlth    +.........             G - amulet of magic regeneration
HPRegen  0.30/turn              n - ring of protection from magic
MPRegen  0.46/turn              x - ring "Kypno" {rPois rN+ Int+2}

@: very slow
A: distributed training, fangs 1, strong nose
a: Bend Time, Temporal Distortion, Slouch, Step From Time, Renounce Religion,
Evoke Flight


You were on level 1 of the Snake Pit.
You worshipped Cheibriados.
Cheibriados was exalted by your worship.
You were not hungry.

You visited 5 branches of the dungeon, and saw 25 of its levels.

You collected 2728 gold pieces.
You spent 2045 gold pieces at shops.

Inventory:

Hand Weapons
 a - the +10 hand crossbow "Wophuu" {flame, Int+3 Dex+4}
   (You bought it in a shop on level 2 of the Orcish Mines)

   It causes projectiles fired from it to burn those they strike, causing extra
   injury to most foes and up to half again as much damage against particularly
   susceptible opponents.
   It affects your intelligence (+3).
   It affects your dexterity (+4).
 b - the +8 frozen axe "Frostbite" (weapon) {freezing cloud, *Noise +Fly rC+}
   (You found it on level 1 of the Snake Pit)

   It has been specially enchanted to freeze those struck by it, causing extra
   injury to most foes and up to half again as much damage against particularly
   susceptible opponents.
   It can also slow down cold-blooded creatures.
   It protects you from cold.
   It lets you fly.
   It may make noises in combat.
 Q - a +0 lajatang
Missiles
 c - 227 bolts
Armour
 d - a +3 plate armour of magic resistance (worn)
 k - a +0 pair of boots (worn)
 o - a +0 pair of gloves (worn)
 u - a +2 hat (worn)
 U - a scarf of resistance (worn)
Jewellery
 n - a ring of protection from magic (left hand)
 x - the ring "Kypno" (right hand) {rPois rN+ Int+2}
   (You acquired it on level 14 of the Dungeon)

   [ring of poison resistance]

   It affects your intelligence (+2).
   It protects you from poison.
   It protects you from negative energy.
 G - an amulet of magic regeneration (around neck)
 I - an uncursed ring of protection from cold
 J - an uncursed ring of stealth
 R - a +4 ring of strength
Wands
 p - a wand of polymorph (18)
 r - a wand of digging (6)
 z - a wand of enslavement (12)
 B - a wand of paralysis (27)
 K - a wand of flame (24)
Scrolls
 j - 6 scrolls of remove curse
 l - 3 scrolls of enchant armour
 q - 11 scrolls of teleportation
 v - 7 scrolls of fog
 w - 3 scrolls of blinking
 y - 6 scrolls of enchant weapon
 C - 2 scrolls of magic mapping
 H - 13 scrolls of identify
 O - 6 scrolls of amnesia
 P - 2 scrolls of summoning
 S - a scroll of fear
Potions
 e - 5 potions of magic
 g - 3 potions of mutation
 h - 4 potions of brilliance
 i - 12 potions of curing
 m - 2 potions of ambrosia
 s - 3 potions of might
 A - 3 potions of cancellation
 D - a potion of stabbing
 E - 2 potions of heal wounds
 L - 2 potions of flight
 N - a potion of invisibility
Miscellaneous
 t - a lamp of fire
 M - a lightning rod (4/4)
Comestibles
 f - 41 rations


   Skills:
 + Level 12.0 Fighting
 + Level 10.3 Short Blades
 + Level 10.3 Long Blades
 + Level 10.3 Axes
 + Level 10.3 Maces & Flails
 + Level 10.3 Polearms
 + Level 10.3 Staves
 + Level 10.3 Slings
 + Level 10.3 Bows
 + Level 11.2 Crossbows
 + Level 10.3 Throwing
 + Level 10.6 Armour
 + Level 10.6 Dodging
 + Level 10.5 Stealth
 + Level 10.6 Shields
 + Level 10.3 Unarmed Combat
 + Level 10.3 Spellcasting
 + Level 8.7 Conjurations
 + Level 8.7 Hexes
 + Level 8.7 Charms
 + Level 8.7 Summonings
 + Level 8.7 Necromancy
 + Level 8.7 Translocations
 + Level 8.7 Transmutations
 + Level 8.7 Fire Magic
 + Level 8.7 Ice Magic
 + Level 8.7 Air Magic
 + Level 8.7 Earth Magic
 + Level 8.7 Poison Magic
 + Level 11.1 Invocations
 + Level 10.6 Evocations


You had 9 spell levels left.
You knew the following spells:

 Your Spells              Type           Power        Failure   Level  Hunger
a - Lesser Beckoning      Tloc           ######....   1%          3    None
b - Summon Ice Beast      Ice/Summ       ######..     4%          4    None
c - Airstrike             Air            ######....   4%          4    None
d - Cause Fear            Hex            ######....   4%          4    None
e - Summon Demon          Summ           ######....   11%         5    ##.....
f - Borgnjor's Vile Clut  Necr/Erth      ######....   11%         5    ##.....

Your spell library contained the following spells:

 Spells                   Type           Power        Failure   Level  Hunger
 Apportation              Tloc           ######       1%          1    None
 Beastly Appendage        Tmut           ######       1%          1    None
 Magic Dart               Conj           ####         1%          1    None
 Shock                    Conj/Air       ####         1%          1    None
 Summon Butterflies       Summ           ######..     1%          1    None
 Summon Small Mammal      Summ           ####         1%          1    None
 Call Imp                 Summ           ######..     1%          2    None
 Ensorcelled Hibernation  Hex/Ice        ######       1%          2    None
 Searing Ray              Conj           ######       1%          2    None
 Sticks to Snakes         Tmut           ######..     1%          2    None
 Swiftness                Chrm/Air       ######..     1%          2    None
 Call Canine Familiar     Summ           ######..     1%          3    None
 Dazzling Flash           Conj/Hex       ######       1%          3    None
 Spider Form              Tmut/Pois      ######....   1%          3    None
 Static Discharge         Conj/Air       ######..     1%          3    None
 Summon Guardian Golem    Hex/Summ       ######..     1%          3    None
 Tukima's Dance           Hex            ######..     1%          3    None
 Fulminant Prism          Conj/Hex       ######....   4%          4    None
 Ice Form                 Ice/Tmut       ######..     4%          4    None
 Iskenderun's Mystic Bla  Conj/Tloc      ######..     4%          4    None
 Summon Lightning Spire   Summ/Air       ######..     4%          4    None
 Alistair's Intoxication  Tmut/Pois      ######..     11%         5    ##.....
 Blade Hands              Tmut           ######....   11%         5    ##.....
 Lightning Bolt           Conj/Air       ######....   11%         5    ##.....
 Metabolic Englaciation   Hex/Ice        ######....   11%         5    ##.....
 Silence                  Hex/Air        ######....   11%         5    ##.....
 Summon Forest            Summ/Tloc      ######....   11%         5    ##.....
 Yara's Violent Unravell  Hex/Tmut       ######....   11%         5    ##.....
 Darkness                 Hex            ######....   52%         6    #####..
 Deflect Missiles         Chrm/Air       ######....   52%         6    #####..
 Invisibility             Hex            ######..     52%         6    #####..
 Shadow Creatures         Summ           N/A          52%         6    #####..
 Discord                  Hex            ######....   100%        8    #######


Dungeon Overview and Level Annotations

Branches:
Dungeon (15/15)            Temple (1/1) D:5            Lair (6/6) D:9
 Shoals (0/4) Lair:3        Snake (1/4) Lair:2        Slime (0/5) Lair:5
    Orc (2/2) D:9             Elf (0/3) Orc:2        Vaults (0/5) D:13
 Depths (0/5) D:15

Altars:
Ashenzari
Cheibriados
Dithmenos
Elyvilon
Fedhas
Gozag
Hepliaklqana
Kikubaaqudgha
Makhleb
Nemelex Xobeh
Okawaru
Qazlal
Ru
Sif Muna
Trog
Uskayaw
Vehumet
Wu Jian
Xom
Yredelemnul
Zin
The Shining One

Shops:
D:6 }   D:9 [   D:14 !   Orc:2 [(::


Innate Abilities, Weirdness & Mutations

Your experience applies equally to all skills.
You have very sharp teeth.
Your uncanny sense of smell can sniff out nearby items.


Message History

The mana viper misses you.
You slice the naga ritualist!! You freeze the naga ritualist.
You kill the naga ritualist!
Cheibriados appreciates the change of pace.
You hit the mana viper.
The mana viper seems to slow down.
You freeze the mana viper.
You feel sick. The black mamba misses you.
Your plate armour prevents you from hitting the mana viper.
You bite the mana viper.
The mana viper is heavily wounded.
You hit the black mamba.
The black mamba seems to slow down.
You freeze the black mamba. The black mamba barely misses you.
A black mamba comes into view.
The mana viper bites you!
* * * LOW HITPOINT WARNING * * *
You feel your power leaking away.
The black mamba bites you but does no damage.
You feel better.
The black mamba hisses angrily.
The mana viper bites you!
You die...

#.......## #........# #
##.......# #........# #
.#####......###.....####
# #.....##...........###
## ∆
###..##...........#####.
###.#.......##........
##......####........
##(...##.....##....
#@...##.....###...
.....SSS####.....###...>
........# ###...##.....
......... #.####.....
......... ##.##.#....
...S....## #...##....
.......## ##..##....
##....# #.###.... ...
...##


You could see a mana viper and 3 black mambas.

Vanquished Creatures
  Jorgrun (D:14)
  A sphinx (Lair:5)
  Frances (D:12)
  The ghost of Veteran the Warrior, a journeyman OgWz of Okawaru (Snake:1)
  A stone giant (Orc:2)
  Nessos (D:13)
  Snorg (D:10)
  Josephine (D:10)
  2 ettins (Orc:2)
  Fannar (D:10)
  Harold (D:10)
  2 hydras
  Erolcha (D:12)
  A rakshasa (D:15)
  10 two-headed ogres
  2 centaur warriors
  An ogre mage (Orc:2)
  2 dancing weapons (D:13)
  An anaconda (Snake:1)
  2 shock serpents (Snake:1)
  Sonja (D:13)
  A wizard (D:14)
  A glowing orange brain (D:15)
  2 naga ritualists (Snake:1)
  A death drake (shapeshifter) (D:15)
  A deep elf mage (D:12)
  An orc knight (D:15)
  19 ugly things
  2 mana vipers (Snake:1)
  2 cyclopes
  5 manticores
  8 black mambas
  A centaur zombie (D:12)
  4 orc sorcerers
  3 gargoyles
  Maggie (D:7)
  19 spiny frogs
  3 centaur skeletons
  A kobold demonologist (D:14)
  A rime drake (Lair:2)
  7 komodo dragons
  4 yaktaurs (D:15)
  11 trolls
  3 tyrant leeches (Lair:6)
  20 blink frogs
  11 dream sheep
  15 slime creatures
  3 hippogriffs
  A dream sheep (shapeshifter) (D:15)
  A redback (shapeshifter) (D:15)
  3 wyverns
  6 wraiths
  13 yaks
  9 vampire mosquitoes
  3 basilisks
  3 hungry ghosts
  3 nagas
  2 wargs (Orc:1)
  6 water moccasins
  An acid dragon (D:13)
  A floating eye (shapeshifter) (D:15)
  4 porcupines
  4 black bears
  16 orc warriors
  2 sky beasts
  2 eyes of draining
  4 ice beasts
  3 phantoms
  5 necrophages
  18 ogres
  5 wolves (Lair:4)
  7 centaurs
  8 crocodiles
  2 big kobolds
  21 bullfrogs
  A water moccasin zombie (D:10)
  3 scorpions
  6 killer bees (D:9)
  5 jellies
  A killer bee (shapeshifter) (D:15)
  13 wights
  3 howler monkeys
  5 crimson imps
  3 bullfrog zombies
  A quasit (D:13)
  Crazy Yiuf (D:5)
  4 hounds
  4 bullfrog skeletons
  14 orc priests
  19 orc wizards
  12 worker ants
  4 iguanas
  2 hound skeletons
  A mummy (D:8)
  A howler monkey zombie (D:10)
  3 worker ant zombies
  4 gnolls
  2 howler monkey skeletons
  14 adders
  4 shadow imps
  4 oozes
  An adder skeleton (D:2)
  5 worms
  A dart slug (D:2)
  A leopard gecko (D:1)
  52 orcs
  A ball python (D:2)
  5 giant cockroaches
  4 goblins
  6 hobgoblins
  5 jackals
  8 kobolds
  8 quokkas
  5 bats
  4 frilled lizards
  A leopard gecko zombie (D:6)
  A quokka zombie (D:6)
  6 rats
  2 fungi
  3 plants
591 creatures vanquished.

Vanquished Creatures (collateral kills)
  3 two-headed ogres (Orc:2)
  An ogre mage (Orc:2)
  2 deep trolls (Orc:2)
  A cyclops (Orc:2)
  A salamander (Snake:1)
  A spiny frog (Lair:6)
  2 trolls (Orc:2)
  2 tyrant leeches (Lair:6)
  2 blink frogs
  4 yaks (Lair:6)
  A vampire mosquito (Lair:6)
  A water moccasin (Lair:6)
  A porcupine (Lair:4)
  An orc warrior (Orc:2)
  10 ogres (Orc:2)
  An orc wizard (Orc:2)
  5 orcs (Orc:2)
39 creatures vanquished.

Vanquished Creatures (others)
  2 fungi (Lair:6)
  22 plants
24 creatures vanquished.

Grand Total: 654 creatures vanquished

Notes
Turn   | Place    | Note
-------+----------+-------------------------------------------
     0 | D:1      | RedPan the Gnoll Wanderer began the quest for the Orb.
     0 | D:1      | RedPan set off with the following items: a +2 hand
                  | crossbow, 21 bolts, a +0 short sword, a potion of
                  | lignification, a +0 robe, a ration
     0 | D:1      | Reached XP level 1. HP: 23/23 MP: 2/2
   437 | D:1      | Reached XP level 2. HP: 29/29 MP: 3/3
   485 | D:1      | Reached XP level 3. HP: 35/35 MP: 4/4
   901 | D:2      | Reached skill level 1 in Invocations
   972 | D:2      | Reached skill level 1 in Short Blades
   972 | D:2      | Reached skill level 1 in Long Blades
   972 | D:2      | Reached skill level 1 in Axes
   972 | D:2      | Reached skill level 1 in Maces & Flails
   972 | D:2      | Reached skill level 1 in Polearms
   972 | D:2      | Reached skill level 1 in Staves
   972 | D:2      | Reached skill level 1 in Slings
   972 | D:2      | Reached skill level 1 in Bows
   972 | D:2      | Reached skill level 1 in Throwing
   972 | D:2      | Reached skill level 1 in Unarmed Combat
   972 | D:2      | Reached skill level 1 in Spellcasting
   972 | D:2      | Reached XP level 4. HP: 35/41 MP: 4/6
  1318 | D:2      | Found an opulent altar of Gozag.
  1462 | D:2      | Reached skill level 1 in Conjurations
  1462 | D:2      | Reached skill level 1 in Hexes
  1462 | D:2      | Reached skill level 1 in Charms
  1462 | D:2      | Reached skill level 1 in Summonings
  1462 | D:2      | Reached skill level 1 in Necromancy
  1462 | D:2      | Reached skill level 1 in Translocations
  1462 | D:2      | Reached skill level 1 in Transmutations
  1462 | D:2      | Reached skill level 1 in Fire Magic
  1462 | D:2      | Reached skill level 1 in Ice Magic
  1462 | D:2      | Reached skill level 1 in Air Magic
  1462 | D:2      | Reached skill level 1 in Earth Magic
  1462 | D:2      | Reached skill level 1 in Poison Magic
  1708 | D:3      | Reached XP level 5. HP: 47/47 MP: 7/7
  2685 | D:4      | Found a sparkling altar of Nemelex Xobeh.
  3111 | D:4      | Reached XP level 6. HP: 53/53 MP: 8/8
  3259 | D:5      | Entered Level 5 of the Dungeon
  3294 | D:5      | Reached skill level 5 in Crossbows
  3662 | D:5      | Found a shadowy altar of Dithmenos.
  3699 | D:5      | Found a staircase to the Ecumenical Temple.
  3708 | Temple   | Entered the Ecumenical Temple
  3765 | Temple   | Became a worshipper of Cheibriados the Contemplative
  3896 | D:5      | Reached XP level 7. HP: 51/59 MP: 10/10
  3924 | D:5      | Reached skill level 7 in Fighting
  4319 | D:5      | Found a runed translucent door.
  4320 | D:5      | Noticed Crazy Yiuf
  4340 | D:5      | Killed Crazy Yiuf
  4604 | D:6      | Reached XP level 8. HP: 67/67 MP: 12/12
  4606 | D:6      | Identified Itrab's Volume of Summoning and Ice
  4858 | D:6      | Reached * piety under Cheibriados
  5023 | D:6      | Found Zote's Gadget Shop.
  5155 | D:6      | Found a shimmering blue altar of Sif Muna.
  5805 | D:7      | Found a shimmering altar of Xom.
  5849 | D:7      | Noticed Maggie
  5868 | D:7      | Killed Maggie
  5868 | D:7      | Reached XP level 9. HP: 38/72 MP: 14/14
  6067 | D:7      | Reached ** piety under Cheibriados
  6598 | D:7      | Reached skill level 5 in Armour
  6598 | D:7      | Reached skill level 5 in Dodging
  6598 | D:7      | Reached skill level 5 in Shields
  6598 | D:7      | Reached skill level 5 in Evocations
  7070 | D:8      | Noticed a gargoyle
  7087 | D:7      | Reached skill level 5 in Stealth
  7183 | D:8      | Found a glowing silver altar of Zin.
  7209 | D:8      | Killed a gargoyle
  7209 | D:8      | Reached skill level 8 in Fighting
  7209 | D:8      | Reached skill level 5 in Invocations
  7324 | D:8      | Reached XP level 10. HP: 33/80 MP: 13/17
  7523 | D:8      | Reached *** piety under Cheibriados
  7531 | D:8      | Reached skill level 5 in Short Blades
  7531 | D:8      | Reached skill level 5 in Long Blades
  7531 | D:8      | Reached skill level 5 in Axes
  7531 | D:8      | Reached skill level 5 in Maces & Flails
  7531 | D:8      | Reached skill level 5 in Polearms
  7531 | D:8      | Reached skill level 5 in Staves
  7531 | D:8      | Reached skill level 5 in Slings
  7531 | D:8      | Reached skill level 5 in Bows
  7531 | D:8      | Reached skill level 5 in Throwing
  7531 | D:8      | Reached skill level 5 in Unarmed Combat
  7531 | D:8      | Reached skill level 5 in Spellcasting
  8072 | D:8      | Found a blossoming altar of Fedhas.
  8072 | D:8      | Found an ornate altar of the Wu Jian Council.
  8210 | D:9      | Noticed a two-headed ogre
  8223 | D:9      | Killed a two-headed ogre
  8401 | D:9      | Found a staircase to the Lair.
  8418 | D:9      | Found a white marble altar of Elyvilon.
  8548 | D:9      | Found a radiant altar of Vehumet.
  8597 | D:9      | Found Quterir's Armour Shoppe.
  8599 | D:9      | Reached **** piety under Cheibriados
  8626 | D:9      | Found a staircase to the Orcish Mines.
  9040 | D:9      | Found a burning altar of Makhleb.
  9170 | D:9      | Noticed a moth of wrath
  9172 | D:9      | Found a bloodstained altar of Trog.
  9332 | D:9      | Noticed a two-headed ogre
  9342 | D:9      | Killed a two-headed ogre
  9342 | D:9      | Reached XP level 11. HP: 67/87 MP: 19/19
  9632 | D:9      | Noticed a two-headed ogre
  9644 | D:9      | Killed a two-headed ogre
  9655 | D:9      | Noticed a two-headed ogre
  9666 | D:9      | Killed a two-headed ogre
  9666 | D:9      | Reached skill level 9 in Fighting
  9666 | D:9      | Reached skill level 5 in Conjurations
  9666 | D:9      | Reached skill level 5 in Hexes
  9666 | D:9      | Reached skill level 5 in Charms
  9666 | D:9      | Reached skill level 5 in Summonings
  9666 | D:9      | Reached skill level 5 in Necromancy
  9666 | D:9      | Reached skill level 5 in Translocations
  9666 | D:9      | Reached skill level 5 in Transmutations
  9666 | D:9      | Reached skill level 5 in Fire Magic
  9666 | D:9      | Reached skill level 5 in Ice Magic
  9666 | D:9      | Reached skill level 5 in Air Magic
  9666 | D:9      | Reached skill level 5 in Earth Magic
  9666 | D:9      | Reached skill level 5 in Poison Magic
  9855 | D:9      | Learned a level 3 spell: Lesser Beckoning
 10198 | D:10     | Entered Level 10 of the Dungeon
 10319 | D:10     | Reached ***** piety under Cheibriados
 10466 | D:10     | Noticed Fannar
 10491 | D:10     | Killed Fannar
 10721 | D:10     | Noticed Josephine
 11008 | D:10     | Noticed Snorg
 11009 | D:10     | Noticed Harold
 11022 | D:10     | Killed Snorg
 11034 | D:10     | Killed Harold
 11324 | D:10     | Killed Josephine
 11864 | D:10     | Reached XP level 12. HP: 96/96 MP: 22/22
 12003 | Lair:1   | Entered Level 1 of the Lair of Beasts
 12804 | Lair:2   | Found a staircase to the Snake Pit.
 13638 | Lair:3   | Learned a level 4 spell: Summon Ice Beast
 13747 | Lair:3   | Found a staircase to the Shoals.
 14920 | Lair:4   | Reached skill level 10 in Fighting
 15333 | Lair:4   | Reached XP level 13. HP: 102/103 MP: 24/24
 15559 | Lair:4   | Reached ****** piety under Cheibriados
 15971 | Lair:5   | Noticed a sphinx
 15971 | Lair:5   | a six-headed hydra changed into a sphinx
 15979 | Lair:5   | Killed a sphinx
 16808 | Lair:5   | Found a staircase to the Slime Pits.
 17084 | Lair:6   | Entered Level 6 of the Lair of Beasts
 18928 | Lair:6   | Reached XP level 14. HP: 111/111 MP: 26/26
 20306 | D:12     | Reached skill level 10 in Crossbows
 20467 | D:12     | Noticed Frances
 20484 | D:12     | Killed Frances
 20948 | D:12     | Noticed Erolcha
 20954 | D:12     | Killed Erolcha
 20954 | D:12     | Reached skill level 11 in Fighting
 20970 | D:12     | Learned a level 4 spell: Airstrike
 21129 | D:13     | Learned a level 4 spell: Cause Fear
 21518 | D:13     | Found a gate to the Vaults.
 21734 | D:13     | Noticed Nessos
 21742 | D:13     | Killed Nessos
 22145 | D:13     | Noticed Sonja
 22146 | D:13     | Killed Sonja
 22575 | D:14     | Noticed Jorgrun
 22592 | D:14     | Killed Jorgrun
 22592 | D:14     | Reached skill level 10 in Invocations
 22790 | D:14     | Identified 2 scrolls of acquirement
 22803 | D:14     | Identified Ohofasm's Collected Works on Shifting
                  | Confrontation (You acquired it on level 14 of the Dungeon)
 22803 | D:14     | Identified the ring "Kypno" {rPois rN+ Int+2} (You acquired
                  | it on level 14 of the Dungeon)
 23514 | D:14     | Found Adoroaqat's Distillery.
 23522 | D:14     | Bought a potion of heal wounds for 80 gold pieces
 24254 | D:15     | Entered Level 15 of the Dungeon
 24263 | D:15     | Reached XP level 15. HP: 96/119 MP: 28/28
 24644 | D:15     | Reached skill level 10 in Armour
 24644 | D:15     | Reached skill level 10 in Dodging
 24644 | D:15     | Reached skill level 10 in Shields
 24644 | D:15     | Reached skill level 10 in Evocations
 25111 | D:15     | Reached skill level 10 in Stealth
 26471 | D:15     | Found a staircase to the Depths.
 26769 | Orc:1    | Entered Level 1 of the Orcish Mines
 27031 | Orc:2    | Entered Level 2 of the Orcish Mines
 27654 | Orc:2    | Learned a level 5 spell: Summon Demon
 27664 | Orc:2    | Found a staircase to the Elven Halls.
 28061 | Orc:2    | Found Kaaziha's Weapon Emporium.
 28073 | Orc:2    | Reached skill level 10 in Short Blades
 28073 | Orc:2    | Reached skill level 10 in Long Blades
 28073 | Orc:2    | Reached skill level 10 in Axes
 28073 | Orc:2    | Reached skill level 10 in Maces & Flails
 28073 | Orc:2    | Reached skill level 10 in Polearms
 28073 | Orc:2    | Reached skill level 10 in Staves
 28073 | Orc:2    | Reached skill level 10 in Slings
 28073 | Orc:2    | Reached skill level 10 in Bows
 28073 | Orc:2    | Reached skill level 10 in Throwing
 28073 | Orc:2    | Reached skill level 10 in Unarmed Combat
 28073 | Orc:2    | Reached skill level 10 in Spellcasting
 28237 | Orc:2    | Found Sikemots's Book Shoppe.
 28567 | Orc:2    | Found Sigew's Antique Armour Shop.
 28576 | Orc:2    | Found Qaxeur's Book Emporium.
 28580 | Orc:2    | Bought an embroidered hat for 210 gold pieces
 28606 | Orc:2    | Bought a book of Dreams for 975 gold pieces
 28612 | Orc:2    | Learned a level 5 spell: Borgnjor's Vile Clutch
 28620 | Orc:2    | Bought the +10 hand crossbow "Wophuu" {flame, Int+3 Dex+4}
                  | for 780 gold pieces
 29038 | Snake:1  | Entered Level 1 of the Snake Pit
 29305 | Snake:1  | Found a runed translucent gate.
 29305 | Snake:1  | Found a runed translucent gate.
 29305 | Snake:1  | Found a runed translucent gate.
 29305 | Snake:1  | Noticed Veteran's ghost (journeyman OgWz)
 29306 | Snake:1  | Found the +8 frozen axe "Frostbite" {freezing cloud, *Noise
                  | +Fly rC+}
 29330 | Snake:1  | Killed Veteran's ghost
 29559 | Snake:1  | Reached skill level 12 in Fighting
 29564 | Snake:1  | HP: 2/120 [mana viper (15)]
 29565 | Snake:1  | Slain by a mana viper

Levels and vault maps discovered:
D:1:      evilmike_arrival_hilbert_curve, layout_loops_corners
D:2:      layout_basic, lemuel_doored_altar, kennysheep_generic_room_6
D:3:      layout_basic, minmay_misc_feat_five
D:4:      layout_cave_pools, lemuel_crystal_altar, first_ration
D:5:      layout_basic, marbit_many_paths, minmay_temple_entry_antechambers,
          uniq_crazy_yiuf_cottage
D:6:      layout_rooms, lemuel_round_altar, serial_shops, kennysheep_mini,
          serial_rivers, chequers_serial_rivers_micro_b,
          chequers_serial_rivers_room_a, chequers_serial_rivers_large_b,
          chequers_serial_rivers_small_b, chequers_serial_rivers_micro_a
D:7:      layout_loops_corners, xom_butterflies, grunt_ogre_cave,
          minmay_misc_feat_rows, chequers_serial_rivers_marsh, uniq_maggie
D:8:      layout_basic, old_standard_altar, gammafunk_temple_overflow_elements,
          gup_ossuary_entry_pyramid
D:9:      layout_stronghold, tgw_trog, elyvilon_altar_4,
          overflow_temple_1_default, kennysheep_mini_moat, lair_entry_dummy,
          orc_david_3
D:10:     layout_roguey, uniq_snorg, uniq_harold, uniq_josephine, uniq_fannar
D:11:     layout_roguey
D:12:     layout_roguey, uniq_frances, uniq_erolcha
D:13:     layout_irregular_city, erik_vaults_1, minivault_19, uniq_nessos,
          uniq_sonja
D:14:     layout_loops_corners, serial_shops, nicolae_shop_statue_plus,
          nicolae_wwwww, dk_noncrumbling_2, uniq_jorgrun
D:15:     gammafunk_enter_depths_forms, layout_long_grid,
          chequers_serial_rivers_micro_e
Temple:   cyrus_temple_forest
Lair:1:   layout_hall_layers, st_stairs_5, lemuel_fruit_tree
Lair:2:   layout_cave_pods, guppyfry_snake_entry_garden
Lair:3:   layout_long_grid, shoals_dummy_entry, nicolae_volcano_entry_s_turn,
          roderic_carrion_pond
Lair:4:   layout_roguey, chequers_serial_rivers_large_a,
          grunt_forest_large_clearing_hut
Lair:5:   layout_hall_layers, slime_dummy
Lair:6:   minmay_lair_end_frog_pond, layout_regular_city, st_stairs_13
Snake:1:  layout_chambers, ebering_ghost_rock_garden, uniq_donald
Orc:1:    layout_caves
Orc:2:    st_orc_open, layout_diamond_mine

Skill      XL: |  1  2  3  4  5  6  7  8  9 10 11 12 13 14 15 |
---------------+----------------------------------------------+-----
Invocations    | 1 2 3 4 5 6 7 8 9 10 11 | 11.1
Short Blades   | 1 2 3 4 5 6 7 8 9 10 | 10.3
Long Blades    | 1 2 3 4 5 6 7 8 9 10 | 10.3
Axes           | 1 2 3 4 5 6 7 8 9 10 | 10.3
Maces & Flails | 1 2 3 4 5 6 7 8 9 10 | 10.3
Polearms       | 1 2 3 4 5 6 7 8 9 10 | 10.3
Staves         | 1 2 3 4 5 6 7 8 9 10 | 10.3
Slings         | 1 2 3 4 5 6 7 8 9 10 | 10.3
Bows           | 1 2 3 4 5 6 7 8 9 10 | 10.3
Throwing       | 1 2 3 4 5 6 7 8 9 10 | 10.3
Unarmed Combat | 1 2 3 4 5 6 7 8 9 10 | 10.3
Spellcasting   | 1 2 3 4 5 6 7 8 9 10 | 10.3
Conjurations   | 1 2 3 4 5 6 7 8 |  8.7
Hexes          | 1 2 3 4 5 6 7 8 |  8.7
Charms         | 1 2 3 4 5 6 7 8 |  8.7
Summonings     | 1 2 3 4 5 6 7 8 |  8.7
Necromancy     | 1 2 3 4 5 6 7 8 |  8.7
Translocations | 1 2 3 4 5 6 7 8 |  8.7
Transmutations | 1 2 3 4 5 6 7 8 |  8.7
Fire Magic     | 1 2 3 4 5 6 7 8 |  8.7
Ice Magic      | 1 2 3 4 5 6 7 8 |  8.7
Air Magic      | 1 2 3 4 5 6 7 8 |  8.7
Earth Magic    | 1 2 3 4 5 6 7 8 |  8.7
Poison Magic   | 1 2 3 4 5 6 7 8 |  8.7
Armour         | 3 4 5 6 7 8 9 10 | 10.6
Dodging        | 3 4 5 6 7 8 9 10 | 10.6
Shields        | 3 4 5 6 7 8 9 10 | 10.6
Evocations     | 3 4 5 6 7 8 9 10 | 10.6
Stealth        | 3 4 5 6 7 8 9 10 | 10.5
Crossbows      | 5 6 7 8 9 10 11 | 11.2
Fighting       | 7 8 9 10 11 12 | 12.0

Action                   |  1- 3 |  4- 6 |  7- 9 | 10-12 | 13-15 || total
-------------------------+-------+-------+-------+-------+-------++-------
Melee: Short sword       |    21 |    40 |       |       |       ||    61
       Bite              |     1 |     9 |    48 |    80 |   141 ||   279
       Punch             |       |     2 |     1 |     3 |    27 ||    33
       Falchion          |       |    46 |   246 |   298 |       ||   590
       Unarmed           |       |       |    14 |       |       ||    14
       War axe           |       |       |       |   179 |   369 ||   548
       Great sword       |       |       |       |       |   257 ||   257
       Executioner's axe |       |       |       |       |    17 ||    17
 Fire: Hand crossbow     |    23 |    97 |    76 |    13 |    19 ||   228
       Arbalest          |       |       |       |    78 |   188 ||   266
 Cast: Summon Ice Beast  |       |       |       |     3 |    48 ||    51
       Summon Demon      |       |       |       |       |    16 ||    16
Invok: Bend Time         |       |       |     1 |     7 |     6 ||    14
       Slouch            |       |       |       |       |     2 ||     2
Evoke: Wand              |       |       |       |    11 |    12 ||    23
       Lightning rod     |       |       |       |       |     1 ||     1
       Lamp of fire      |       |       |       |       |     1 ||     1
  Use: Scroll            |     4 |     6 |     6 |    11 |    10 ||    37
       Potion            |       |       |     1 |     3 |     8 ||    12
 Stab: Sleeping          |     3 |       |       |       |       ||     3
       Paralysed         |       |       |       |    10 |       ||    10
       Distracted        |       |       |       |       |     7 ||     7
  Eat: Chunk             |       |     9 |     8 |    11 |    18 ||    46
       Ration            |       |       |       |     2 |     2 ||     4
Armor: Robe              |     2 |     6 |       |       |       ||     8
       Scale mail        |       |    47 |       |       |       ||    47
       Chain mail        |       |    14 |    81 |       |       ||    95
       Plate armour      |       |       |    91 |   214 |   303 ||   608
       Swamp dragon scal |       |       |    10 |       |       ||    10
       Skin              |       |       |     3 |     4 |       ||     7
Dodge: Dodged            |    19 |    87 |   149 |   263 |   617 ||  1135
Block: Buckler           |       |       |    69 |   152 |       ||   221
       Rpst.: Falchion   |       |    12 |    27 |    37 |       ||    76
       Great sword       |       |       |       |       |    46 ||    46

Table legend:
 A = Non-vault XP
 B = Vault XP
 C = Vault XP percentage of total XP
 D = Non-vault monster count
 E = Vault monster count
 F = Vault count percentage of total count
                 A         B        C        D         E       F
            +---------+---------+-------+---------+---------+-------
      Total |   81318 |   47073 |  36.7 |     485 |     140 |  22.4
            +---------+---------+-------+---------+---------+-------
        D:1 |      39 |       0 |   0.0 |       9 |       0 |   0.0
        D:2 |      86 |      15 |  14.9 |      29 |       2 |   6.5
        D:3 |      58 |       0 |   0.0 |      12 |       0 |   0.0
        D:4 |     162 |       0 |   0.0 |       8 |       0 |   0.0
        D:5 |     592 |      45 |   7.1 |      17 |       2 |  10.5
        D:6 |     573 |       0 |   0.0 |      15 |       0 |   0.0
        D:7 |    1692 |     530 |  23.9 |      36 |       2 |   5.3
        D:8 |    2425 |      18 |   0.7 |      31 |       1 |   3.1
        D:9 |    5355 |     291 |   5.2 |      31 |      10 |  24.4
       D:10 |    1591 |    5100 |  76.2 |      19 |       8 |  29.6
       D:11 |    4289 |       0 |   0.0 |      35 |       0 |   0.0
       D:12 |    2355 |    2890 |  55.1 |      10 |       2 |  16.7
       D:13 |    3018 |    4030 |  57.2 |      23 |       4 |  14.8
       D:14 |   11943 |    2731 |  18.6 |      32 |       1 |   3.0
       D:15 |   12427 |    3660 |  22.8 |      38 |       8 |  17.4
     Lair:1 |     832 |     350 |  29.6 |       6 |       2 |  25.0
     Lair:2 |    2147 |     338 |  13.6 |      12 |       2 |  14.3
     Lair:3 |    4822 |     472 |   8.9 |      19 |       4 |  17.4
     Lair:4 |    4664 |    1008 |  17.8 |      23 |       3 |  11.5
     Lair:5 |    6349 |    3746 |  37.1 |      14 |      17 |  54.8
     Lair:6 |    2701 |    8651 |  76.2 |      11 |      34 |  75.6
    Snake:1 |    6799 |    2068 |  23.3 |      12 |       1 |   7.7
      Orc:1 |    1207 |       0 |   0.0 |       8 |       0 |   0.0
      Orc:2 |    5192 |   11130 |  68.2 |      35 |      37 |  51.4
            +---------+---------+-------+---------+---------+-------
